 Dungeon Crawl Stone Soup version 0.21-a0-531-gacddea6 (webtiles) character file.

1492 slep the Chopper (level 8, -3/42 HPs)
             Began as a Vine Stalker Gladiator on Dec 13, 2017.
             Was a Believer of Okawaru.
             Slain by an orc warrior
             ... wielding a +0 glaive
              (13 damage)
             ... on level 6 of the Dungeon.
             The game lasted 00:17:57 (5133 turns).

slep the Chopper (Vine Stalker Gladiator)           Turns: 5133, Time: 00:17:57

Health: -3/42      AC:  6    Str: 18    XL:     8   Next: 80%
Magic:  0/9        EV: 14    Int:  8    God:    Okawaru [**....]
Gold:   231        SH:  0    Dex: 17    Spells: 5/7 levels left

rFire    . . .     SeeInvis .   a - +1 hand axe (elec)
rCold    + . .     Gourm    .   (no shield)
rNeg     . . .     Faith    .   G - +1 leather armour {rC+}
rPois    .         Spirit   +   H - +0 helmet (curse)
rElec    .         Reflect  .   (no cloak)
rCorr    .         Harm     .   n - +0 pair of gloves
MR       +....                  (no boots)
Stlth    ++........             (no amulet)
HPRegen  0.54/turn              (no ring)
MPRegen  0.11/turn              (no ring)

@: lethally poisoned (-3 -> -4)
A: fangs 3, regeneration 1, magic shield, antimagic bite, no potion heal 3, rot
immunity
a: Heroism, Renounce Religion


You were on level 6 of the Dungeon.
You worshipped Okawaru.
Okawaru was pleased with you.
You were very hungry.

You visited 2 branches of the dungeon, and saw 7 of its levels.

You collected 231 gold pieces.

Inventory:

Hand Weapons
 a - a +1 hand axe of electrocution (weapon)
 z - a +0 blowgun
 I - a +0 war axe
Missiles
 d - 3 throwing nets (quivered)
 D - 6 curare-tipped needles
Armour
 b - a +0 leather armour
 c - a +0 helmet
 m - a +0 scale mail
 n - a +0 pair of gloves (worn)
 G - a +1 leather armour of cold resistance (worn)
 H - a cursed +0 helmet (worn)
Wands
 r - a wand of digging (16)
 E - a wand of disintegration (8)
 F - a wand of random effects (41)
Scrolls
 g - 4 scrolls of blinking {unknown}
 j - 8 scrolls of identify {unknown}
 k - 4 scrolls of teleportation {unknown}
 o - a scroll of magic mapping {unknown}
 q - 5 scrolls of remove curse {unknown}
 s - a scroll of noise {unknown}
 v - 2 scrolls of fear {unknown}
 y - 3 scrolls of enchant weapon {unknown}
 A - a scroll of enchant armour {unknown}
 C - a scroll of amnesia {unknown}
Potions
 e - a potion of agility {unknown}
 l - a potion of might {unknown}
 p - 2 potions of flight {unknown}
 t - a potion of cancellation {unknown}
 u - a potion of lignification {unknown}
 x - 3 potions of mutation {unknown}
 B - a potion of ambrosia {unknown}
 J - a potion of curing {unknown}
 K - a potion of heal wounds {unknown}
Books
 w - a book of Minor Magic

   Spells                             Type                      Level
   a - Magic Dart                     Conjuration                  1
   b - Blink                          Translocation                2
   c - Call Imp                       Summoning                    2
   d - Slow                           Hexes                        2
   e - Conjure Flame                  Conjuration/Fire             3
   f - Mephitic Cloud                 Conjuration/Poison/Air       3
 L - a book of Changes

   Spells                             Type                      Level
   a - Beastly Appendage              Transmutation                1
   b - Sticks to Snakes               Transmutation                2
   c - Spider Form                    Transmutation/Poison         3
   d - Ice Form                       Ice/Transmutation            4
   e - Blade Hands                    Transmutation                5
Comestibles
 f - 3 bread rations
 h - a meat ration
 i - 4 royal jellies
 N - 2 fruits


   Skills:
 + Level 4.1 Fighting
 + Level 7.4 Axes
 + Level 2.0 Throwing
 + Level 3.2 Armour
 + Level 4.1 Dodging
 + Level 1.7 Stealth
 + Level 0.3 Evocations


You had 5 spell levels left.
You knew the following spells:

 Your Spells              Type           Power        Failure   Level  Hunger
a - Blink                 Tloc           N/A          61%         2    ###....


Dungeon Overview and Level Annotations

Branches:
Dungeon (6/15)             Temple (1/1) D:4

Altars:
Cheibriados
Dithmenos
Elyvilon
Fedhas
Gozag
Hepliaklqana
Kikubaaqudgha
Makhleb
Nemelex Xobeh
Okawaru
Ru
Vehumet
Xom
Yredelemnul
Zin
The Shining One

Shops:
D:5 %


Innate Abilities, Weirdness & Mutations

You have razor-sharp teeth.
Your natural rate of healing is unusually fast.
When hurt, damage is shared between your health and your magic reserves.
Your bite disrupts and absorbs the magic of your enemies.
Potions cannot restore your health.
You are immune to rotting.


Message History

You are feeling very hungry.
You barely miss the orc warrior. Your bite misses the orc warrior.
The orc warrior is severely wounded.
You barely miss the orc.
You feel sick. The orc barely misses you.
You hit the orc warrior.
The orc warrior is severely wounded.
You hit the orc but do no damage. The orc warrior hits you with a glaive!
The orc hits you with a mace.
* * * LOW HITPOINT WARNING * * *
You barely miss the orc warrior.
The orc warrior is severely wounded.
You closely miss the orc.
The orc warrior hits you but does no damage.
The orc hits you with a mace.
* * * LOW HITPOINT WARNING * * *
You completely miss the orc warrior. You bite the orc warrior.
You drain its power.
You feel invigorated.
The orc warrior is almost dead.
You hit the orc but do no damage. The orc warrior hits you with a glaive!
You die...

#. # .# #. . ###########
. #.#. #.......... ...
...###.#########
....##### ...#...# #..
......o.####.###.# #..
......o@)......#.#######
#............#.).)...# #
#............#.).....# #
#.......######.......# #
#.......# #.......# #
#.......# #.......# #
#.......# #.#+##### #
#.......# #.# # #.#


You could see an orc warrior and an orc.

Vanquished Creatures
  The ghost of sokol815 the Chopper, a novice VSMo (D:4)
  A sky beast (D:6)
  A phantom (D:4)
  The ghost of slep the Chopper, an amateur DsGl of Okawaru (D:3)
  Blork the orc (D:4)
  A scorpion (D:6)
  2 crimson imps (D:5)
  A hound (D:4)
  3 orc priests
  A bullfrog skeleton (D:4)
  4 orc wizards
  3 iguanas
  Ijyb (D:4)
  Natasha (D:4)
  9 worker ants
  3 gnolls (D:5)
  7 adders
  2 oozes (D:1)
  An adder skeleton (D:4)
  3 worms
  2 dart slugs
  4 leopard geckos
  13 orcs
  11 bats
  3 giant cockroaches
  15 hobgoblins
  2 jackals (D:2)
  2 quokkas
  4 ball pythons
  5 frilled lizards
  7 goblins
  8 kobolds
  5 rats (D:1)
128 creatures vanquished.

Notes
Turn   | Place    | Note
-------+----------+-------------------------------------------
     0 | D:1      | slep the Vine Stalker Gladiator began the quest for the Orb.
     0 | D:1      | Reached XP level 1. HP: 11/11 MP: 2/2
   101 | D:1      | Reached XP level 2. HP: 15/15 MP: 3/3
   239 | D:1      | Reached skill level 3 in Axes
   334 | D:1      | Reached XP level 3. HP: 6/18 MP: 4/4
   835 | D:2      | Gained mutation: Your natural rate of healing is unusually fast. [Vine Stalker growth]
   835 | D:2      | Reached XP level 4. HP: 14/23 MP: 3/5
   965 | D:2      | Reached skill level 1 in Armour
  1056 | D:2      | Reached skill level 4 in Axes
  1056 | D:2      | Reached XP level 5. HP: 24/26 MP: 6/6
  1138 | D:2      | Learned a level 2 spell: Blink
  1676 | D:3      | Found a sacrificial altar of Ru.
  1821 | D:3      | Found a sparkling altar of Nemelex Xobeh.
  2045 | D:3      | Noticed slep's ghost (amateur DsGl)
  2136 | D:4      | Reached XP level 6. HP: 32/32 MP: 7/7
  2162 | D:4      | Found a staircase to the Ecumenical Temple.
  2173 | Temple   | Entered the Ecumenical Temple
  2227 | Temple   | Became a worshipper of Warmaster Okawaru
  2298 | D:4      | Noticed a phantom
  2314 | D:4      | Killed a phantom
  2403 | D:4      | Noticed Blork the orc
  2410 | D:4      | Reached skill level 5 in Axes
  2433 | D:4      | Killed Blork the orc
  2694 | D:4      | Reached XP level 7. HP: 28/35 MP: 6/8
  2697 | D:4      | Noticed sokol815's ghost (novice VSMo)
  2705 | D:4      | Killed sokol815's ghost
  2705 | D:4      | Reached * piety under Okawaru
  2715 | D:4      | Noticed Ijyb
  2745 | D:4      | Killed Ijyb
  2905 | D:4      | Reached ** piety under Okawaru
  2905 | D:4      | Reached skill level 6 in Axes
  3013 | D:4      | Gained mutation: You have razor-sharp teeth. [Vine Stalker growth]
  3013 | D:4      | Reached XP level 8. HP: 27/40 MP: 9/9
  3098 | D:4      | Noticed Natasha
  3106 | D:4      | Killed Natasha
  3695 | D:3      | Killed slep's ghost
  3779 | D:5      | Entered Level 5 of the Dungeon
  3779 | D:5      | Found Xoerch's Food Emporium.
  4263 | D:5      | Found a white marble altar of Elyvilon.
  4294 | D:5      | Reached skill level 1 in Stealth
  4452 | D:5      | Reached skill level 7 in Axes
  5133 | D:6      | Slain by an orc warrior

Vault maps used:
D:1:      matt_arrival_los_fun, minmay_heptomino_d4
D:2:      first_bread, kennysheep_decorative_pillar
D:3:      nemelex_altar_shiori, nicolae_ru_path_of_blood
D:4:      minmay_temple_entry_crystal_x, uniq_ijyb, uniq_blork_the_orc,
          uniq_natasha
D:5:      elyvilon_altar_1, serial_shops, shop
D:6:      grunt_temple_overflow_cloverleaf, minmay_strange_pillars,
          kennysheep_generic_room_3, uniq_grinder, uniq_menkaure
Temple:   jpeg_temple_clearing

Skill      XL: |  1  2  3  4  5  6  7  8 |
---------------+-------------------------+-----
Axes           | 3 4 5 6 7 |  7.4
Fighting       | 2 3 4 |  4.1
Dodging        | 3 4 |  4.1
Armour         | 1 2 3 |  3.2
Throwing       | 2 |  2.0
Stealth        | 1 |  1.7
Evocations     | |  0.3

Action                   |  1- 3 |  4- 6 |  7- 9 || total
-------------------------+-------+-------+-------++-------
Melee: War axe           |    78 |   170 |    82 ||   330
       Bite              |    19 |    46 |    49 ||   114
       Hand axe          |       |       |    61 ||    61
 Fire: Blowgun           |       |       |     1 ||     1
Evoke: Wand              |       |       |     3 ||     3
 Stab: Distracted        |       |       |     1 ||     1
  Eat: Chunk             |       |     5 |     8 ||    13
Armor: Leather armour    |    10 |       |    19 ||    29
       Scale mail        |    18 |    96 |    16 ||   130
Dodge: Dodged            |    41 |   115 |    74 ||   230

Table legend:
 A = Spawn XP
 B = Non-spawn XP
 C = Spawn XP percentage of total XP
 D = Spawn monster count
 E = Non-spawn monster count
 F = Spawn count percentage of total count
 G = Total turns spent on level
                    A         B        C        D         E        F      G
               +---------+---------+-------+---------+---------+-------+---------
         Total |       0 |    2132 |   0.0 |       0 |     128 |   0.0 |  5133
               +---------+---------+-------+---------+---------+-------+---------
           D:1 |       0 |      64 |   0.0 |       0 |      33 |   0.0 |   751
           D:2 |       0 |     120 |   0.0 |       0 |      30 |   0.0 |   806
           D:3 |       0 |     241 |   0.0 |       0 |      18 |   0.0 |   853
           D:4 |       0 |    1100 |   0.0 |       0 |      27 |   0.0 |  1260
           D:5 |       0 |     316 |   0.0 |       0 |      13 |   0.0 |  1256
           D:6 |       0 |     291 |   0.0 |       0 |       7 |   0.0 |    98
               +---------+---------+-------+---------+---------+-------+---------
